 Dungeon Crawl Stone Soup version 0.27-a0-1188-g73eefd5def (webtiles) character file.

Game seed: 3001005500085175678

23 HoaS the Bolt Thrower (level 2, -4/17 HPs)
             Began as a Gargoyle Hunter on May 21, 2021.
             Slain by a gnoll
             ... wielding a +0 spear
              (5 damage)
             ... on level 1 of the Dungeon.
             The game lasted 00:03:11 (1513 turns).

HoaS the Bolt Thrower (Gargoyle Hunter)             Turns: 1513, Time: 00:03:11

Health: -4/17      AC:  6    Str: 15    XL:     2   Next: 95%
Magic:  2/2        EV: 11    Int: 11    God:
Gold:   41         SH:  0    Dex: 10    Spells: 1/1 levels left

rFire    . . .     SeeInvis .     - Unarmed
rCold    . . .     Faith    .   (no shield)
rNeg     + . .     Spirit   .   c - +0 leather armour
rPois    ∞         Reflect  .   (no helmet)
rElec    +         Harm     .   (no cloak)
rCorr    .         Rampage  .   b - +0 pair of gloves
Will     .....                  (no boots)
Stlth    +.........             (no amulet)
HPRegen  0.05/turn              (no ring)
MPRegen  0.08/turn              (no ring)

@: no status effects
A: sickness immunity, AC +2, negative energy resistance 1, electricity
resistance, torment resistance 1, petrification resistance
a: no special abilities


You were on level 1 of the Dungeon.
You visited 1 branch of the dungeon, and saw 1 of its levels.

You collected 41 gold pieces.

Inventory:

Hand Weapons
 a - a +1 hand crossbow
Missiles
 d - 20 bolts
Armour
 b - a +0 pair of gloves (worn)
 c - a +0 leather armour (worn)
Jewellery
 i - an amulet of guardian spirit
Scrolls
 e - a scroll of holy word {unknown}
 g - a scroll of identify {unknown}
 h - 2 scrolls of vulnerability {unknown}
Potions
 f - a potion of lignification {unknown}


   Skills:
 - Level 2.1 Fighting
 + Level 4.2 Crossbows
 - Level 1.5 Dodging
 - Level 1.1 Stealth
 * Level 2.0 Unarmed Combat


You had one spell level left.
You didn't know any spells.
Your spell library contained the following spells:

 Spells                   Type           Power      Damage    Failure   Level
 Beastly Appendage        Tmut           0%         N/A       41%         1
 Magic Dart               Conj           0%         1d3       41%         1
 Blink                    Tloc           N/A        N/A       54%         2
 Call Imp                 Summ           0%         N/A       54%         2
 Slow                     Hex            0%         N/A       54%         2
 Wereblood                Tmut           0%         N/A       54%         2
 Conjure Flame            Conj/Fire      0%         6-21      78%         3
 Mephitic Cloud           Conj/Pois/Air  0%         N/A       78%         3
 Spider Form              Tmut/Pois      0%         N/A       78%         3
 Ice Form                 Ice/Tmut       0%         N/A       99%         4
 Hydra Form               Tmut           0%         N/A       100%        5


Dungeon Overview and Level Annotations

Branches:
Dungeon (1/15)

Altars:


Innate Abilities, Weirdness & Mutations

You are immune to sickness and miasma.
Your stone body is resilient. (AC +2)
You are immune to poison.
You resist negative energy. (rN+)
You are resistant to electric shocks. (rElec)
You are resistant to unholy torment.
You are immune to petrification.


Message History

The kobold hits you but does no damage.
You hit the kobold.
The kobold is severely wounded.
The kobold hits you but does no damage.
You barely miss the kobold.
The kobold is severely wounded.
The kobold hits you but does no damage.
You hit the kobold.
You kill the kobold!
Your Unarmed Combat skill increases to level 2!
You start resting.
HP restored.
Things that are here:
a +0 short sword; 2 stones; a kobold corpse A gnoll comes into view.
It is wielding a +0 spear.
The gnoll shouts!
A gnoll is nearby!
A gnoll is nearby!
A gnoll is nearby!
The gnoll closely misses you.
Okay, then.
You closely miss the gnoll. The gnoll hits you with a +0 spear!
You hit the gnoll.
The gnoll is lightly wounded.
The gnoll hits you with a +0 spear!
* * * LOW HITPOINT WARNING * * *
You hit the gnoll.
The gnoll is heavily wounded.
The gnoll hits you with a +0 spear.
* * * LOW HITPOINT WARNING * * *
You hit the gnoll but do no damage.
The gnoll is heavily wounded.
The gnoll barely misses you.
You closely miss the gnoll.
The gnoll is heavily wounded.
The gnoll barely misses you.
You hit the gnoll.
The gnoll is heavily wounded.
The gnoll hits you with a +0 spear.
You die...

#.......#
#.♣.♣.♣.♣.♣
#.#.......#
#.♣.♣.♣.♣.♣
#.#.......#
#.♣.♣.♣#♣#♣
#.#...#
#g#.###
#@#.# #...#
#####


You could see a gnoll.

Vanquished Creatures
  4 bats (D:1)
  An endoplasm (D:1)
  3 giant cockroaches (D:1)
  A goblin (D:1)
  3 jackals (D:1)
  4 ball pythons (D:1)
  A frilled lizard (D:1)
  3 kobolds (D:1)
  A rat (D:1)
21 creatures vanquished.

Vanquished Creatures (others)
  2 plants (D:1)
2 creatures vanquished.

Grand Total: 23 creatures vanquished

Notes
Turn   | Place    | Note
-------+----------+-------------------------------------------
     0 | D:1      | HoaS the Gargoyle Hunter began the quest for the Orb.
     0 | D:1      | Reached XP level 1. HP: 12/12 MP: 1/1
   195 | D:1      | Reached skill level 1 in Unarmed Combat
   201 | D:1      | Reached XP level 2. HP: 4/17 MP: 2/2
  1513 | D:1      | Slain by a gnoll

Illustrated notes

Levels and vault maps discovered:
D:1:      lemuel_arrival_tunnels, layout_basic, serial_forest,
          infiniplex_forest_pool, infiniplex_forest_clump_C,
          infiniplex_forest_3_way, infiniplex_forest_lined_room_3,
          infiniplex_forest_lined_room_3, infiniplex_forest_fountain

Skill      XL: |  1  2 |
---------------+-------+-----
Unarmed Combat | 1 2 |  2.0
Fighting       | |  2.1
Crossbows      | |  4.2
Dodging        | |  1.5
Stealth        | |  1.1

Action                   || total
-------------------------++-------
Melee: Unarmed           ||   146
 Stab: Sleeping          ||     1
Armor: Leather armour    ||    95
Dodge: Dodged            ||   135

Table legend: (Time is in decaauts)
 A = Elapsed time spent in this place.
 B = Non-inter-level travel time spent in this place.
 C = Inter-level travel time spent in this place.
 D = Time resting spent in this place.
 E = Time spent auto-exploring this place.
 F = Levels seen in this place.
 G = Mean time per level.
                   A        B        C        D        E       F      G
               +--------+--------+--------+--------+--------+-----+--------+
         Total |   1510 |   1510 |      0 |    739 |    519 |   1 | 1510.0 |
       Dungeon |   1510 |   1510 |      0 |    739 |    519 |   1 | 1510.0 |
               +--------+--------+--------+--------+--------+-----+--------+

Top non-repeatable levels by time:
     D:1: 1510 daAuts
